 Dungeon Crawl Stone Soup version 0.18-a0-1542-g9c1a92e (webtiles) character file.

657 MenacingMecha the Basher (level 7, -6/72 HPs)
             Began as an Ogre Berserker on Mar 10, 2016.
             Was a Priest of Trog.
             Mangled by an orc
             ... wielding a +0 flail
              (9 damage)
             ... on level 5 of the Dungeon.
             The game lasted 00:12:51 (4696 turns).

MenacingMecha the Basher (Ogre Berserker)           Turns: 4696, Time: 00:12:51

Health: -6/72      AC:  4    Str: 25    XL:     7   Next: 55%
Magic:  7/7        EV: 10    Int:  6    God:    Trog [***...]
Gold:   251        SH:  0    Dex:  9    Spells: 0 memorised, 6 levels left

rFire  . . .     SeeInvis .     x - +0 giant club
rCold  . . .     Gourm    +     b - +0 animal skin
rNeg   . . .     Faith    .     (shield currently unavailable)
rPois  .         Spirit   .     (helmet restricted)
rElec  .         Dismiss  .     q - +0 cloak
rCorr  .         Reflect  .     (gloves unavailable)
SustAt .         Harm     .     (boots unavailable)
MR     .....                    f - amulet of the gourmand
Stlth  +.........               (no ring)
                                (no ring)

@: lethally poisoned (-6 -> -8), exhausted, slowed, very slow, not resistant to
hostile enchantments, very unstealthy
A: unfitting armour, tough skin 1
a: Berserk, Trog's Hand, Burn Spellbooks, Renounce Religion


You were on level 5 of the Dungeon.
You worshipped Trog.
Trog was most pleased with you.
You were very full.

You visited 1 branch of the dungeon, and saw 5 of its levels.

You collected 251 gold pieces.

Inventory:

Hand Weapons
 w - a +0 flail
 x - a +0 giant club (weapon)
Missiles
 j - a throwing net
 s - 4 javelins (quivered)
Armour
 b - a +0 animal skin (worn)
 q - a +0 cloak (worn)
Jewellery
 f - an amulet of the gourmand (around neck)
 i - an uncursed amulet of regeneration
 y - a cursed ring of teleportation {unknown}
 C - an uncursed ring of protection from magic {unknown}
Scrolls
 c - a scroll of immolation {unknown}
 e - 6 scrolls of identify
 h - a scroll of teleportation
 m - 3 scrolls of remove curse
 o - a scroll of noise {unknown}
 p - a scroll of blinking {unknown}
 t - a scroll of fear {unknown}
 A - 2 scrolls of enchant weapon
Potions
 a - a potion of resistance {unknown}
 g - a potion of flight
 k - a potion of cancellation {unknown}
 l - 2 potions of heal wounds {unknown}
 r - 2 potions of ambrosia {unknown}
 B - 2 potions of curing {unknown}
 D - a potion of agility {unknown}
Books
 n - Vehumet's Volume of Conjuration
   (You found it on level 2 of the Dungeon)

   Spells                             Type                      Level
   a - Magic Dart                     Conjuration                  1
   Trog disapproves of the use of such an item.
Comestibles
 d - 2 beef jerkies
 u - a royal jelly
 v - 2 meat rations
 z - 2 fruits


   Skills:
 + Level 5.5 Fighting
 + Level 9.0 Maces & Flails
 + Level 2.8 Throwing
 + Level 3.6 Dodging


You had 6 spell levels left.
You didn't know any spells.

Dungeon Overview and Level Annotations

Branches:
Dungeon (5/15)             Temple (0/1) D:5

Altars:
Ashenzari
Elyvilon
Gozag
Kikubaaqudgha
Makhleb
Pakellas
Qazlal
Sif Muna
Vehumet
Zin
The Shining One


Innate Abilities, Weirdness & Mutations

You are too large for most types of armour.
You have tough skin (AC +1).


Message History

The orc wizard points at you and mumbles some strange words.
The puff of frost hits you!
* * * LOW HITPOINT WARNING * * *
The orc hits you but does no damage.
You barely miss the orc wizard.
You feel sick.
The orc wizard hits you but does no damage.
Something hits you.
* * * LOW HITPOINT WARNING * * *
The orc hits you but does no damage. The orc wizard completely misses you.
You hear some strange, mumbled words.
Unknown command.
You sock the orc wizard!
The orc wizard is heavily wounded.
Something hits you but does no damage. The orc hits you with a flail.
* * * LOW HITPOINT WARNING * * *
The orc wizard gestures at you while chanting.
The magic dart hits you!
* * * LOW HITPOINT WARNING * * *
Something hits you but does no damage. The orc hits you with a flail!
You die...

#########......
#............[.
#..............
............. ####....#
#....# #
..##....###....####.##.#
................#o......
................@†......
...............{#o......
.........##....##.......
.........##....# #####..
...............# .
..≈≈≈≈≈........+
≈≈≈≈≈≈≈≈≈......#
≈≈≈≈≈≈≈≈≈≈≈....#
≈≈≈.(.≈≈≈≈≈≈...#


You could see an orc wizard and an orc.

Vanquished Creatures
  An ice beast (D:5)
  An ogre (D:4)
  A howler monkey (D:3)
  2 giant frog skeletons
  4 orc wizards (D:5)
  5 worker ants
  5 adders
  A shadow imp (D:5)
  An ooze (D:4)
  4 dart slugs
  3 worms
  4 giant geckos (D:1)
  7 orcs
  A ball python (D:4)
  5 bats
  8 giant cockroaches
  10 goblins
  6 hobgoblins
  3 jackals (D:1)
  4 kobolds
  2 quokkas
  A giant gecko skeleton (D:4)
  4 giant newts
  7 rats
90 creatures vanquished.

Notes
Turn   | Place    | Note
--------------------------------------------------------------
     0 | D:1      | MenacingMecha the Ogre Berserker began the quest for the Orb.
     0 | D:1      | Reached XP level 1. HP: 24/24 MP: 1/1
   304 | D:1      | Reached XP level 2. HP: 30/32 MP: 2/2
   421 | D:1      | Reached skill level 5 in Maces & Flails
   554 | D:1      | Reached XP level 3. HP: 32/39 MP: 3/3
   663 | D:1      | Reached ** piety under Trog
  1038 | D:1      | Reached skill level 6 in Maces & Flails
  1134 | D:2      | Found an opulent altar of Gozag.
  1262 | D:2      | Found a radiant altar of Vehumet.
  1265 | D:2      | Identified Vehumet's Volume of Conjuration
  1267 | D:2      | Found an ancient bone altar of Kikubaaqudgha.
  1268 | D:2      | Found a deep blue altar of Sif Muna.
  1330 | D:2      | Found a white marble altar of Elyvilon.
  1387 | D:2      | Reached XP level 4. HP: 43/48 MP: 4/4
  1883 | D:3      | Reached skill level 7 in Maces & Flails
  1883 | D:3      | Reached XP level 5. HP: 52/54 MP: 5/5
  2521 | D:3      | Reached *** piety under Trog
  2704 | D:3      | Reached skill level 8 in Maces & Flails
  2989 | D:4      | Found a burning altar of Makhleb.
  2992 | D:4      | Found a glowing golden altar of the Shining One.
  2993 | D:4      | Found a shattered altar of Ashenzari.
  2993 | D:4      | Found a glowing silver altar of Zin.
  2994 | D:4      | Found a stormy altar of Qazlal.
  2994 | D:4      | Found an oddly glowing altar of Pakellas.
  3152 | D:4      | Reached XP level 6. HP: 27/62 MP: 6/6
  3494 | D:4      | Found Woakerhefro's General Store.
  3557 | D:4      | Reached skill level 1 in Throwing
  4000 | D:5      | Entered Level 5 of the Dungeon
  4082 | D:5      | Reached skill level 5 in Fighting
  4082 | D:5      | Reached XP level 7. HP: 18/72 MP: 7/7
  4663 | D:5      | Found a staircase to the Ecumenical Temple.
  4677 | D:5      | Reached skill level 9 in Maces & Flails
  4696 | D:5      | HP: 3/72 [orc wizard/magic dart (11)]
  4696 | D:5      | Mangled by an orc

Vault maps used:
D:1:      zaba_arrival_water, minmay_misc_feat_encased
D:2:      grunt_temple_overflow_magic_moments, old_standard_altar,
          lemuel_round_altar
D:3:      due_unseen_surprise
D:4:      grunt_temple_overflow_open, serial_shops, nicolae_shop_behind_doors
D:5:      temple_pool_b, first_bread

Skill      XL: |  1  2  3  4  5  6  7 |
---------------+----------------------+-----
Maces & Flails | 5 6 7 8 9 |  9.0
Throwing       | 2 |  2.8
Dodging        | 3 |  3.6
Fighting       | 5 |  5.5

Action                   |  1- 3 |  4- 6 |  7- 9 || total
-------------------------+-------+-------+-------++-------
Melee: Mace              |    94 |   167 |       ||   261
       Giant club        |       |    21 |    40 ||    61
       Flail             |       |    13 |       ||    13
Throw: Javelin           |       |     3 |     2 ||     5
Invok: Berserk           |     1 |     2 |     1 ||     4
  Use: Scroll            |       |     4 |       ||     4
 Stab: Sleeping          |     2 |       |       ||     2
  Eat: Bread ration      |     1 |       |       ||     1
       Chunk             |       |    18 |     4 ||    22
